AoeStats
← poopinator

MegaRandom

510182756Analyzed
3v3 RM · 4d ago on Sep 29, 2026· 59m 2s· 6 players
Game mode
Random Map
Map size
Normal (6 player)
Population
200
Speed
Normal
Resources
Standard
Victory
Conquest
Starting age
Dark Age
Ending age
Imperial Age
RankedLock teamsTeams togetherTeam positionsShared explorationLock speedFull tech treeHidden civsTurbo modeCheats
Victory
Defeat
🇮🇱 Hindustanis · Israel
880
+12
🇮🇱 Portuguese · Israel
837
+13
🇮🇱 Lithuanians · Israel
822
+15
🇩🇪 Franks · Germany
800
-14
🇹🇼 Malians · Taiwan
779
-13
768
-13
ninooo95mc
3:35 Loom
12:49 Feudal Age
13:38 Double-Bit Axe
20:18 Castle Age
18:34 Stone Mining
19:00 Gold Mining
20:00 Forging
20:40 Scale Mail Armor
22:58 Pikeman
28:14 Iron Casting
34:24 Imperial Age
35:26 Halberdier
36:47 Wheelbarrow
35:59 Town Watch
38:37 Blast Furnace
37:43 Scale Barding Armor
38:34 Squires
39:09 Cavalier
41:33 Chain Mail Armor
41:39 Chain Barding Armor
43:38 Plate Barding Armor
45:39 Plate Mail Armor
46:22 Chemistry
瀧注洄洮
11:22 Feudal Age
12:27 Double-Bit Axe
13:28 Man-at-Arms
15:20 Arson
18:14 Forging
20:29 Scale Mail Armor
23:47 Horse Collar
28:33 Castle Age
30:10 Wheelbarrow
29:20 Loom
29:26 Long Swordsman
30:06 Squires
31:28 Chain Mail Armor
31:54 Iron Casting
31:11 Fletching
32:28 Pikeman
35:40 Tigui
38:05 Bow Saw
38:30 Chain Mail Armor
38:11 Bodkin Arrow
40:40 Ballistics
40:33 Fortified Wall
41:26 Stone Mining
41:28 Gold Mining
48:57 Scale Barding Armor
49:54 Bloodlines
49:45 Husbandry
52:58 Imperial Age
50:42 Town Watch
51:12 Hand Cart
51:01 Heavy Plow
51:50 Stone Shaft Mining
51:50 Gold Shaft Mining
53:31 Heavy Camel Rider
56:34 Farimba
56:57 Chain Barding Armor
ME BANEARON EN EL LOL
5:36 Loom
10:26 Feudal Age
10:58 Double-Bit Axe
17:43 Castle Age
16:32 Stone Mining
16:39 Gold Mining
22:36 Bow Saw
29:40 Imperial Age
29:29 Bloodlines
29:20 Husbandry
35:17 Forging
37:56 Cavalier
40:35 Bow Saw
43:15 Wheelbarrow
45:21 Scale Barding Armor
45:17 Scale Mail Armor
45:28 Forging
49:49 Chain Barding Armor
49:53 Chain Mail Armor
54:06 Hand Cart
55:32 Ballistics
56:13 Chemistry
55:15 Pikeman
56:37 Halberdier
56:46 Halberdier
58:14 Plate Mail Armor
58:20 Plate Barding Armor
Troyan sus
10:04 Feudal Age
11:28 Wheelbarrow
10:42 Double-Bit Axe
10:42 Horse Collar
16:18 Forging
16:54 Scale Mail Armor
16:46 Man-at-Arms
25:13 Castle Age
23:42 Stone Mining
23:42 Gold Mining
26:32 Hand Cart
26:42 Husbandry
30:37 Stone Shaft Mining
31:53 Caravan
32:41 Bloodlines
36:30 Bow Saw
38:53 Imperial Age
41:00 Conscription
41:16 Ballistics
42:10 Murder Holes
43:15 Chemistry
41:38 Cavalier
42:22 Pikeman
43:20 Fletching
44:05 Iron Casting
43:37 Scale Barding Armor
44:50 Arquebus
45:11 Conscription
48:01 Chain Barding Armor
47:37 Bodkin Arrow
48:43 Blast Furnace
47:56 Elite Organ Gun
53:15 Bracer
53:51 Plate Barding Armor
53:32 Chain Mail Armor
Hello
6:30 Loom
12:05 Feudal Age
12:39 Gold Mining
12:39 Double-Bit Axe
13:53 Horse Collar
18:59 Castle Age
19:43 Wheelbarrow
21:58 Heavy Plow
22:46 Bow Saw
23:58 Stone Mining
26:48 Hand Cart
27:09 Husbandry
27:20 Bloodlines
28:39 Bloodlines
33:17 Scale Barding Armor
33:22 Forging
37:48 Imperial Age
38:13 Elite Leitis
40:02 Chain Barding Armor
39:39 Town Watch
39:40 Loom
42:18 Town Patrol
44:28 Plate Barding Armor
44:29 Iron Casting
43:46 Fletching
44:05 Elite Skirmisher
46:08 Stone Shaft Mining
poopinator
11:52 Feudal Age
12:20 Double-Bit Axe
13:57 Horse Collar
15:24 Wheelbarrow
19:10 Man-at-Arms
24:39 Forging
26:34 Scale Mail Armor
29:47 Castle Age
28:07 Stone Mining
28:08 Gold Mining
31:05 Iron Casting
31:14 Squires
32:32 Chain Mail Armor
31:42 Long Swordsman
32:46 Light Cavalry
35:00 Fletching
40:34 Imperial Age
41:54 Conscription
42:23 Hand Cart
43:07 Bow Saw
43:34 Gold Shaft Mining
43:23 Heavy Camel Rider
44:09 Grand Trunk Road
45:11 Husbandry
46:18 Blast Furnace
45:24 Scale Barding Armor
47:10 Imperial Camel Rider
49:55 Chain Barding Armor
51:11 Shatagni
52:32 Two-Handed Swordsman
54:35 Champion
Connection lost

Rejoining the realm…

Still unreachable

The connection could not be restored.

Session expired

The server has moved on; the page needs a fresh start.